 Dungeon Crawl Stone Soup version 0.28.0-53-g5a82cb258f (webtiles) character file.

Game seed: 18041739225501505140

30 Metae the Covered (level 3, 0/33 HPs)
             Began as a Minotaur Fighter on July 13, 2022.
             Killed by nerve-wracking pain
             ... invoked by Jessica
              (10 damage)
             ... on level 2 of the Dungeon.
             The game lasted 00:02:34 (493 turns).

Metae the Covered (Minotaur Fighter)                 Turns: 493, Time: 00:02:35

Health: 0/33       AC:  7    Str: 22    XL:     3   Next: 5%
Magic:  2/2        EV:  9    Int:  5    God:
Gold:   34         SH:  4    Dex:  9    Spells: 2/2 levels left

rFire   + . .      SeeInvis .   a - +0 flail
rCold   + . .      Faith    .   c - +0 buckler
rNeg    . . .      Spirit   .   b - +0 scale mail
rPois   .          Reflect  .   (helmet restricted)
rElec   .          Harm     .   h - scarf {rC+ rF+}
rCorr   .          Rampage  .   (no gloves)
Will    .....                   (no boots)
Stlth   ..........              (no amulet)
HPRegen 0.11/turn               (no ring)
MPRegen 0.08/turn               (no ring)

@: no status effects
A: horns 2, retaliatory headbutt
a: no special abilities


You were on level 2 of the Dungeon.
You visited 1 branch of the dungeon, and saw 2 of its levels.

You collected 34 gold pieces.

Inventory:

Hand Weapons
 a - a +0 flail (weapon)
 m - a +0 war axe of venom
Missiles
 j - 2 boomerangs (quivered)
 l - 7 stones
 n - 18 sling bullets
Armour
 b - a +0 scale mail (worn)
 c - a +0 buckler (worn)
 h - a scarf of resistance (worn)
Scrolls
 e - a scroll of vulnerability {unknown}
 f - 2 scrolls of magic mapping {unknown}
 i - a scroll of summoning {unknown}
 k - a scroll of identify {unknown}
Potions
 d - a potion of might
 g - a potion of mutation {unknown}


   Skills:
 + Level 4.1 Fighting
 + Level 3.1 Maces & Flails
 + Level 4.2 Armour
 - Level 3.6 Shields


You had 2 spell levels left.
You didn't know any spells.
Your spell library was empty.

Dungeon Overview and Level Annotations

Branches:
Dungeon (1/15)

Altars:

Shops:
D:1 *

Annotations:
D:2 Jessica


Innate Abilities, Weirdness & Mutations

You have a pair of horns on your head.
You reflexively headbutt those who attack you in melee.


Message History

Found a stone staircase leading down.
An endoplasm comes into view.
The endoplasm quivers.
Jessica mumbles some strange words.
Jessica blinks!
You see here a scroll labelled CABOTI BOETH.
Jessica zaps a wand.
The puff of flame hits you. You resist.
You hit the endoplasm. You headbutt the endoplasm.
You kill the endoplasm!
Jessica casts a spell at you. You resist with some effort.
Jessica casts a spell.
Jessica blinks!
Jessica gestures wildly while chanting.
Jessica seems to speed up.
You see here a scroll labelled CABOTI BOETH.
Jessica grins evilly.
Jessica zaps a wand.
The puff of flame hits you. You resist.
Jessica points at you and mumbles some strange words.
You barely resist.
Jessica zaps a wand.
The puff of flame hits you. You resist.
Jessica zaps a wand.
The puff of flame hits you. You resist.
Jessica zaps a wand.
The puff of flame hits you. You resist.
Jessica casts a spell.
Jessica blinks!
Jessica mumbles some strange words.
Jessica blinks!
Jessica zaps a wand.
The puff of flame hits you. You resist.
Jessica zaps a wand.
The puff of flame hits you. You resist. Jessica casts a spell at you.
Pain shoots through your body!
Jessica casts a spell.
Jessica blinks!
You hit Jessica. You headbutt Jessica.
Jessica is almost dead.
Jessica hits you but does no damage.
Jessica mumbles some strange words.
Jessica blinks!
Jessica points at you and mumbles some strange words.
Pain shoots through your body!
You die...

#..# .. ##..###### .##
#.)...#... ... ..#
#......... ... ...
#......... #.# #.#
#..##.#.#. #.#
#.#.#.....#... #.#
#.#.#..######. #@#
#...#..# #.
#.###.###..# #.
#.##)......# #.
#####.##..###.## #.
.######.?.@ยง##..###.##
#.
......................
#.
.#...##.###.###.###.#.
#. .....##.# #.#
#..?..#.# #. ........#
#.# #.##### # #.


You could see Jessica (fast).

Vanquished Creatures
  An adder (D:2)
  2 bats (D:1)
  An endoplasm (D:2)
  2 giant cockroaches
  2 goblins (D:1)
  3 hobgoblins
  A quokka (D:1)
  3 ball pythons (D:1)
  4 kobolds
  A rat (D:1)
20 creatures vanquished.

Notes
Turn   | Place    | Note
-------+----------+-------------------------------------------
     0 | D:1      | Metae the Minotaur Fighter began the quest for the Orb.
     0 | D:1      | Reached XP level 1. HP: 19/19 MP: 0/0
   171 | D:1      | Reached XP level 2. HP: 15/27 MP: 1/1
   375 | D:1      | Found Orueteem's Assorted Antiques.
   375 | D:1      | You fall into a shaft and drop 1 floor!
   457 | D:2      | Reached XP level 3. HP: 33/33 MP: 2/2
   463 | D:2      | Noticed Jessica
   493 | D:2      | Killed from afar by Jessica

Illustrated notes

Levels and vault maps discovered:
D:1:      psy_arrival_conway, layout_rooms, serial_shops, nicolae_square_shop,
          hellmonk_ecumenical_altar_zigzags
D:2:      layout_loops_ring, uniq_jessica, uniq_crazy_yiuf_cottage

Skill      XL: |  1  2 |
---------------+-------+-----
Armour         | 4 |  4.2
Fighting       | 4 |  4.1
Maces & Flails | 3 |  3.1
Shields        | |  3.6

Action                   || total
-------------------------++-------
Melee: Flail             ||    38
       Headbutt          ||     7
Armor: Scale mail        ||    25
Dodge: Dodged            ||    21
Block: Buckler           ||    11
